 Dungeon Sprint DCSS version 0.22-a0-373-gab1296c (webtiles) character file.

3609 emperorscorpion the Markscentaur (level 9, 0/83 HPs)
             Began as a Centaur Hunter on Apr 25, 2018.
             Was a Priest of Trog.
             Slain by a black mamba (12 damage)
             ... in the Dungeon (Sprint IX: "|||||||||||||||||||||||||||||").
             The game lasted 00:06:31 (1048 turns).

emperorscorpion the Markscentaur (Centaur Hunter)   Turns: 1048, Time: 00:06:31

Health: 0/83       AC: 12    Str: 16    XL:     9   Next: 86%
Magic:  10/10      EV:  6    Int: 13    God:    Trog [***...]
Gold:   0          SH:  0    Dex: 15    Spells: 8/8 levels left

rFire    . . .     SeeInvis .   b - +1 shortbow
rCold    . . .     Gourm    .   (shield currently unavailable)
rNeg     . . .     Faith    .   s - +1 chain mail
rPois    .         Spirit   .   (no helmet)
rElec    .         Reflect  .   r - +0 cloak
rCorr    .         Harm     .   x - +0 pair of gloves
MR       .....     NoTele   +   (no barding)
Stlth    ..........             (no amulet)
HPRegen  0.23/turn              t - +3 ring of dexterity
MPRegen  0.12/turn              u - +3 ring of intelligence

@: lethally poisoned (0 -> -25), berserk cooldown, slowed
A: large, hooves 3, deformed body, speed 2, tough skin 3
a: Berserk, Trog's Hand, Renounce Religion


You were in the Dungeon.
You worshipped Trog.
Trog was most pleased with you.
You were near starving.

You visited 1 branch

Inventory:

Hand Weapons
 a - a +2 halberd of protection
 b - a +1 shortbow (weapon)
 p - a +0 short sword
Missiles
 d - 27 arrows (quivered)
Armour
 c - a +0 leather armour
 q - a +0 pair of boots
 r - a +0 cloak (worn)
 s - a +1 chain mail (worn)
 x - a +0 pair of gloves (worn)
Magical Staves
 o - an uncursed staff of energy
Jewellery
 t - a +3 ring of dexterity (left hand)
 u - a +3 ring of intelligence (right hand)
Wands
 n - a wand of acid (3)
Scrolls
 k - 3 scrolls of blinking
 m - 3 scrolls of remove curse
 y - 2 scrolls of enchant armour
 z - 2 scrolls of enchant weapon
 A - a scroll of fear
 B - a scroll of identify
Potions
 e - 6 potions of curing
 g - 5 potions of heal wounds
 h - 2 potions of haste
 i - 4 potions of magic
 j - a potion of invisibility
 v - a potion of might
 w - a potion of mutation
Comestibles
 f - a ration
 l - 5 chunks of flesh


   Skills:
 + Level 9.0 Fighting
 + Level 4.9 Short Blades
 + Level 9.2 Polearms
 + Level 18.8 Bows
 + Level 6.1 Armour
 + Level 3.3 Dodging
 + Level 1.3 Stealth
 + Level 2.3 Evocations


You had 8 spell levels left.
You didn't know any spells.

Dungeon Overview and Level Annotations

Branches:
Dungeon (1/1)

Altars:
Cheibriados
Dithmenos
Elyvilon
Fedhas
Gozag
Hepliaklqana
Kikubaaqudgha
Makhleb
Nemelex Xobeh
Okawaru
Qazlal
Ru
Sif Muna
Trog
Uskayaw
Vehumet
Wu Jian
Xom
Yredelemnul
Zin
The Shining One
Beogh
Jiyva
Lugonu


Innate Abilities, Weirdness & Mutations

You have hooves in place of feet.
Armour fits poorly on your strangely shaped body.
You cover ground very quickly.
You have extremely tough skin. (AC +3)


Message History

The black mamba poisons your ogre!
You feel sick.
Your ogre dies!
Your ogre's corpse disappears in a puff of smoke!
Evoke which item? (* to show all) (? for menu, Esc to quit)
Aiming: Corrosive Bolt
Press: ? - help, Shift-Dir - straight line, f/p - black mamba
Aim: a black mamba (severely wounded)
The bolt of acid misses the black mamba.
You feel sick.
Evoke which item? (* to show all) (? for menu, Esc to quit)
Aiming: Corrosive Bolt
Press: ? - help, Shift-Dir - straight line, f/p - black mamba
Aim: a black mamba (severely wounded)
The bolt of acid misses the black mamba.
You feel sick. The black mamba bites you! x2
* * * LOW HITPOINT WARNING * * *
You are lethally poisoned!
The black mamba poisons you! The black mamba bites you!
You die...

▓†▓.▓(▓
▓.▓.▓(▓
▓.▓.▓(▓
▓.▓.▓(▓
▓)▓.▓§▓
▓.▓.▓.▓
▓.▓.▓.▓
▓)▓÷▓S▓
▓<▓.@.▓
▓▓▓▓▓▓▓


You could see a black mamba.

Vanquished Creatures
  A cyclops (D)
  An ugly thing (D)
  3 spiny frogs (D)
  2 hippogriffs (D)
  A yak (D)
  2 water moccasins (D)
  4 porcupines (D)
  An eye of draining (shapeshifter) (D)
  2 ogres (D)
  A crocodile (D)
  A bullfrog (D)
  A wight (D)
  A crimson imp (D)
  A worker ant (D)
  A gnoll (D)
  An adder skeleton (D)
  2 orcs (D)
  A ball python (D)
  A goblin (D)
  2 quokkas (D)
  3 frilled lizards (D)
  A kobold (D)
34 creatures vanquished.

Vanquished Creatures (collateral kills)
  2 komodo dragons (D)
  A water moccasin (D)
3 creatures vanquished.

Vanquished Creatures (others)
  2 spatial maelstroms (D)
2 creatures vanquished.

Grand Total: 39 creatures vanquished

Notes
Turn   | Place    | Note
-------+----------+-------------------------------------------
     0 | D        | emperorscorpion the Centaur Hunter began the quest for the Orb.
     0 | D        | Reached XP level 1. HP: 17/17 MP: 1/1
     6 | D        | Reached skill level 6 in Bows
     8 | D        | Banished a spatial maelstrom
    26 | D        | Noticed a worker ant
    30 | D        | Killed a worker ant
    30 | D        | Reached skill level 9 in Bows
    30 | D        | Reached XP level 2. HP: 20/24 MP: 2/2
    32 | D        | Reached XP level 3. HP: 24/30 MP: 3/3
    42 | D        | Banished a spatial maelstrom
    49 | D        | Found a roughly hewn altar of Beogh.
    49 | D        | Found a snail-covered altar of Cheibriados.
    49 | D        | Found a shadowy altar of Dithmenos.
    49 | D        | Found a white marble altar of Elyvilon.
    49 | D        | Found a blossoming altar of Fedhas.
    49 | D        | Found an opulent altar of Gozag.
    50 | D        | Found a hazy altar of Hepliaklqana.
    51 | D        | Found a viscous altar of Jiyva.
    52 | D        | Found an ancient bone altar of Kikubaaqudgha.
    53 | D        | Found a corrupted altar of Lugonu.
    54 | D        | Found a burning altar of Makhleb.
    55 | D        | Found a sparkling altar of Nemelex Xobeh.
    56 | D        | Found an iron altar of Okawaru.
    57 | D        | Found a stormy altar of Qazlal.
    58 | D        | Found a sacrificial altar of Ru.
    59 | D        | Found a deep blue altar of Sif Muna.
    60 | D        | Found a bloodstained altar of Trog.
    61 | D        | Found a hide-covered altar of Uskayaw.
    62 | D        | Found a radiant altar of Vehumet.
    63 | D        | Found an ornate altar of the Wu Jian Council.
    64 | D        | Found a shimmering altar of Xom.
    65 | D        | Found a basalt altar of Yredelemnul.
    66 | D        | Found a glowing silver altar of Zin.
    67 | D        | Found a glowing golden altar of the Shining One.
    68 | D        | Became a worshipper of Trog the Wrathful
   116 | D        | Noticed an ogre
   116 | D        | Noticed a crocodile
   116 | D        | Noticed a hippogriff
   116 | D        | Noticed an ogre
   149 | D        | Killed an ogre
   149 | D        | Reached skill level 1 in Short Blades
   149 | D        | Reached skill level 11 in Bows
   149 | D        | Reached skill level 1 in Armour
   149 | D        | Reached XP level 4. HP: 22/38 MP: 4/4
   170 | D        | Killed a hippogriff
   170 | D        | Reached * piety under Trog
   170 | D        | Reached skill level 1 in Polearms
   170 | D        | Reached skill level 14 in Bows
   170 | D        | Reached skill level 1 in Stealth
   170 | D        | Reached XP level 5. HP: 29/46 MP: 5/5
   170 | D        | Reached XP level 6. HP: 33/52 MP: 6/6
   197 | D        | Reached skill level 15 in Bows
   201 | D        | Reached ** piety under Trog
   330 | D        | Noticed a spriggan
   330 | D        | Noticed a cyclops
   330 | D        | Noticed a purple ugly thing
   398 | D        | Killed a purple ugly thing
   398 | D        | Reached skill level 5 in Fighting
   398 | D        | Reached skill level 17 in Bows
   398 | D        | Reached XP level 7. HP: 60/61 MP: 7/7
   428 | D        | Killed a cyclops
   428 | D        | Reached skill level 1 in Evocations
   428 | D        | Reached XP level 8. HP: 70/70 MP: 8/8
   435 | D        | Reached *** piety under Trog
   467 | D        | Noticed a salamander
   475 | D        | a salamander changed into an eye of draining
   644 | D        | Noticed a komodo dragon
   644 | D        | Noticed a spiny frog
   644 | D        | Noticed a spiny frog
   687 | D        | Killed a spiny frog
   687 | D        | Reached skill level 5 in Polearms
   687 | D        | Reached skill level 18 in Bows
   689 | D        | Reached **** piety under Trog
   694 | D        | Killed a spiny frog
   694 | D        | Reached XP level 9. HP: 69/79 MP: 8/10
   738 | D        | Killed a komodo dragon
   738 | D        | Reached skill level 5 in Armour
   751 | D        | Noticed a komodo dragon
   762 | D        | Killed a komodo dragon
   762 | D        | Received a gift from Trog
   823 | D        | Received a gift from Trog
   847 | D        | Noticed a spiny frog
   957 | D        | Reached ***** piety under Trog
  1027 | D        | Killed a spiny frog
  1027 | D        | Received a gift from Trog
  1030 | D        | Noticed a black mamba
  1048 | D        | Slain by a black mamba

Vault maps used:
D:        linesprint

Skill      XL: |  1  2  3  4  5  6  7  8  9 |
---------------+----------------------------+-----
Bows           | 9 11 14 17 18 | 18.8
Fighting       | 3 5 6 7 9 |  9.0
Short Blades   | 1 2 4 |  4.9
Armour         | 1 2 3 4 6 |  6.1
Dodging        | 2 3 |  3.3
Polearms       | 1 3 4 6 9 |  9.2
Stealth        | 1 |  1.3
Evocations     | 1 2 |  2.3

Action                   |  1- 3 |  4- 6 |  7- 9 || total
-------------------------+-------+-------+-------++-------
Melee: Short sword       |    23 |       |       ||    23
       Kick              |     4 |     2 |    11 ||    17
       Halberd           |     4 |     8 |    51 ||    63
 Fire: Shortbow          |     2 |    31 |    78 ||   111
Invok: Berserk           |       |     1 |     4 ||     5
       Trog's Hand       |       |       |     3 ||     3
       Brothers in Arms  |       |       |     3 ||     3
Evoke: Wand              |       |     3 |     4 ||     7
  Use: Potion            |     1 |       |     1 ||     2
  Eat: Chunk             |       |       |     5 ||     5
Armor: Leather armour    |     3 |       |       ||     3
       Chain mail        |     2 |     1 |    26 ||    29
Dodge: Dodged            |     8 |       |    16 ||    24

Table legend:
 A = Spawn XP
 B = Non-spawn XP
 C = Spawn XP percentage of total XP
 D = Spawn monster count
 E = Non-spawn monster count
 F = Spawn count percentage of total count
 G = Total turns spent on level
                    A         B        C        D         E        F      G
               +---------+---------+-------+---------+---------+-------+---------
         Total |       0 |    5157 |   0.0 |       0 |      37 |   0.0 |  1048
               +---------+---------+-------+---------+---------+-------+---------
             D |       0 |    5157 |   0.0 |       0 |      37 |   0.0 |  1048
               +---------+---------+-------+---------+---------+-------+---------
